General information
- name: BNet
- type: Ladder team game (AT/RT)
- host: Battle.net
- saver: Betrayer
map: Battleground
- players: 8
- length: 12:58
- speed: Fast
- version: 1.27 W3XP
- replay type: Public
» download(94 KB)
Players
team 1 (loser)
NATURAL (
orange | 52 APM | 140 actions | 02:40)
1 Archmage
1 Blizzard
» actions
| Assign group hotkey | 1 | |
| Build / train | 12 | |
| Enter build submenu | 5 | |
| Enter hero's abilities submenu | 1 | |
| Right click | 25 | |
| Select / deselect | 81 | |
| Select group hotkey | 9 | |
| Use ability | 6 | |
140 total
» units
» buildings
| Altar of Kings | 1 | |
| Farm | 3 | |
| Lumber Mill | 1 | |
| Keep | 2 | |
| Scout Tower | 1 | |
8 total
» build order
00:21 Altar of Kings
00:37 Farm
01:49 Lumber Mill
02:10 Keep
02:10 Keep
02:14 Scout Tower
02:29 Farm
nobi (
yellow | 77 APM | 992 actions | 12:57)
3 Blademaster
1 Wind Walk
2 Critical Strike
1 Shadow Hunter
1 Healing Wave
» actions
| Assign group hotkey | 12 | |
| Build / train | 67 | |
| Enter build submenu | 15 | |
| Enter hero's abilities submenu | 4 | |
| Give item / drop item | 3 | |
| Right click | 388 | |
| Select / deselect | 127 | |
| Select group hotkey | 316 | |
| Use ability | 60 | |
992 total
» units
| Peon | 7 | |
| Grunt | 4 | |
| Forest Troll Shadow Priest | 7 | |
| Shaman | 1 | |
| Gryphon Rider | 1 | |
| Flying Machine | 8 | |
28 total
» upgrades
| Berserker Strength | 1 | |
| Armor | 1 | |
| Shaman Training | 2 | |
| Reinforced Defenses | 1 | |
| Pulverize | 1 | |
| Storm Hammers | 1 | |
7 total
» buildings
| Altar of Storms | 1 | |
| Orc Burrow | 3 | |
| Voodoo Lounge | 1 | |
| Barracks | 2 | |
| Stronghold | 1 | |
| War Mill | 1 | |
| Fortress | 1 | |
| Spirit Lodge | 1 | |
| Workshop | 3 | |
| Tauren Totem | 1 | |
| Watch Tower | 2 | |
17 total
» build order
00:07 Altar of Storms
00:20 Orc Burrow
00:56 Voodoo Lounge
01:32 Barracks
01:46 Orc Burrow
03:33 Stronghold
04:03 Barracks
05:12 War Mill
06:00 Orc Burrow
06:02 Fortress
06:23 Spirit Lodge
07:44 Workshop
07:48 Workshop
08:29 Tauren Totem
08:58 Watch Tower
09:03 Watch Tower
11:20 Workshop
» items
| Lesser Clarity Potion | 6 | |
| Healing Salve | 3 | |
| Boots of Speed | 4 | |
| Scroll of Speed | 2 | |
| Potion of Healing | 1 | |
| Scroll of Town Portal | 1 | |
| Orb of Lightning | 1 | |
18 total

»
Dr00d_D00d (
teal | 34 APM | 425 actions | 12:39)
3 Death Knight
2 Unholy Aura
1 Death Coil
2 Lich
1 Frost Nova
1 Frost Armor
» actions
| Basic commands | 2 | |
| Build / train | 36 | |
| Enter build submenu | 23 | |
| Enter hero's abilities submenu | 5 | |
| Give item / drop item | 3 | |
| Remove unit from queue | 1 | |
| Right click | 159 | |
| Select / deselect | 164 | |
| Use ability | 32 | |
425 total
» units
| Acolyte | 3 | |
| Ghoul | 4 | |
| Crypt Fiend | 6 | |
| Peasant | 1 | |
| Gryphon Rider | 1 | |
15 total
» upgrades
| Creature Attack | 1 | |
| Creature Carapace | 1 | |
| Swords | 1 | |
| Armor | 1 | |
| Web | 1 | |
| Lumber Harvesting | 1 | |
6 total
» buildings
| Ziggurat | 4 | |
| Altar of Darkness | 1 | |
| Crypt | 1 | |
| Nerubian Tower | 1 | |
| Graveyard | 1 | |
| Farm | 5 | |
| Arcane Tower | 1 | |
| Blacksmith | 1 | |
| Halls of the Dead | 1 | |
| Gryphon Aviary | 2 | |
| Castle | 1 | |
| Sacrificial Pit | 1 | |
| Black Citadel | 1 | |
| Scout Tower | 2 | |
| Guard Tower | 1 | |
| Boneyard | 2 | |
26 total
» build order
00:09 Ziggurat
00:11 Altar of Darkness
00:37 Crypt
01:01 Ziggurat
01:18 Nerubian Tower
01:41 Graveyard
02:57 Farm
03:02 Arcane Tower
03:22 Farm
03:29 Blacksmith
04:03 Halls of the Dead
04:08 Ziggurat
05:53 Gryphon Aviary
06:15 Castle
06:22 Farm
06:54 Sacrificial Pit
07:11 Gryphon Aviary
07:44 Farm
07:50 Ziggurat
07:51 Black Citadel
08:45 Farm
08:48 Scout Tower
09:44 Scout Tower
09:45 Guard Tower
11:11 Boneyard
11:18 Boneyard
» items
| Periapt of Vitality | 1 | |
| Potion of Lesser Invulnerability | 1 | |
2 total

»
Auron (
pink | 43 APM | 513 actions | 11:58)
3 Blademaster
2 Wind Walk
1 Critical Strike
1 Shadow Hunter
1 Healing Wave
» actions
| Assign group hotkey | 7 | |
| Build / train | 38 | |
| Enter build submenu | 15 | |
| Enter hero's abilities submenu | 4 | |
| Right click | 188 | |
| Select / deselect | 164 | |
| Select group hotkey | 70 | |
| Use ability | 27 | |
513 total
» units
| Peon | 8 | |
| Grunt | 5 | |
| Troll Headhunter/Berserker | 2 | |
| Peasant | 3 | |
18 total
» upgrades
| Armor | 2 | |
| Lumber Harvesting | 1 | |
| Melee Weapons | 1 | |
| Pillage | 1 | |
| Berserker Strength | 1 | |
| Shaman Training | 2 | |
| Flak Cannons | 1 | |
9 total
» buildings
| Orc Burrow | 7 | |
| Altar of Storms | 1 | |
| War Mill | 2 | |
| Barracks | 1 | |
| Voodoo Lounge | 1 | |
| Stronghold | 1 | |
| Spirit Lodge | 1 | |
| Fortress | 1 | |
| Tauren Totem | 1 | |
16 total
» build order
00:09 Orc Burrow
00:18 Altar of Storms
01:06 War Mill
01:29 Barracks
01:44 Orc Burrow
02:20 Voodoo Lounge
03:40 Orc Burrow
04:20 Stronghold
05:07 Orc Burrow
06:07 Orc Burrow
07:04 Spirit Lodge
07:46 Fortress
08:27 War Mill
08:47 Orc Burrow
09:49 Orc Burrow
10:08 Tauren Totem
» items
| Healing Salve | 1 | |
| Lesser Clarity Potion | 1 | |
| Orb of Lightning | 1 | |
3 total
team 2 (winner)

»
SquareHammer (
green | 58 APM | 754 actions | 12:57)
4 Tauren Chieftain
1 Shockwave
2 Endurance Aura
1 War Stomp
3 Shadow Hunter
2 Healing Wave
1 Hex
» actions
| Basic commands | 38 | |
| Build / train | 50 | |
| Enter build submenu | 16 | |
| Enter hero's abilities submenu | 8 | |
| Give item / drop item | 1 | |
| Remove unit from queue | 1 | |
| Right click | 366 | |
| Select / deselect | 235 | |
| Use ability | 39 | |
754 total
» units
| Peon | 9 | |
| Troll Headhunter/Berserker | 16 | |
| Forest Troll Shadow Priest | 1 | |
| Shaman | 3 | |
29 total
» upgrades
| Armor | 2 | |
| Shaman Training | 2 | |
| Troll Regeneration | 1 | |
| Ranged Weapons | 1 | |
| Berserker Upgrade | 1 | |
7 total
» buildings
| Altar of Storms | 1 | |
| Orc Burrow | 6 | |
| War Mill | 1 | |
| Barracks | 2 | |
| Voodoo Lounge | 1 | |
| Watch Tower | 2 | |
| Stronghold | 1 | |
| Spirit Lodge | 1 | |
| Fortress | 1 | |
16 total
» build order
00:13 Altar of Storms
00:20 Orc Burrow
00:52 War Mill
01:15 Barracks
01:40 Voodoo Lounge
01:58 Orc Burrow
02:46 Watch Tower
03:03 Watch Tower
04:06 Orc Burrow
04:24 Stronghold
07:04 Spirit Lodge
07:10 Orc Burrow
07:38 Fortress
09:53 Orc Burrow
09:55 Barracks
10:34 Orc Burrow
» items
kangzzoda (
red | 116 APM | 1503 actions | 12:57)
4 Archmage
2 Summon Water Elemental
2 Brilliance Aura
2 Mountain King
1 Storm Bolt
1 Bash
» actions
| Assign group hotkey | 2 | |
| Basic commands | 162 | |
| Build / train | 55 | |
| Enter build submenu | 26 | |
| Enter hero's abilities submenu | 6 | |
| Right click | 337 | |
| Select / deselect | 644 | |
| Select group hotkey | 212 | |
| Use ability | 59 | |
1503 total
» units
| Peasant | 14 | |
| Footman | 4 | |
| Mortar Team | 3 | |
21 total
» upgrades
| Defend | 1 | |
| Lumber Harvesting | 1 | |
| Gunpowder | 2 | |
| Long Rifles | 1 | |
5 total
» buildings
| Scout Tower | 7 | |
| Farm | 8 | |
| Altar of Kings | 1 | |
| Barracks | 2 | |
| Arcane Tower | 3 | |
| Lumber Mill | 1 | |
| Arcane Vault | 1 | |
| Keep | 1 | |
| Guard Tower | 4 | |
| Blacksmith | 1 | |
| Workshop | 1 | |
| Town Hall | 1 | |
| Castle | 1 | |
32 total
» build order
00:26 Scout Tower
00:28 Farm
00:42 Altar of Kings
00:45 Barracks
01:42 Arcane Tower
01:43 Arcane Tower
01:52 Farm
02:17 Lumber Mill
02:21 Barracks
02:32 Farm
03:36 Farm
03:37 Farm
03:49 Arcane Vault
04:14 Farm
05:07 Keep
05:31 Scout Tower
05:32 Scout Tower
05:32 Scout Tower
06:01 Guard Tower
06:02 Guard Tower
06:03 Blacksmith
06:26 Scout Tower
06:27 Scout Tower
06:31 Scout Tower
06:59 Guard Tower
07:00 Guard Tower
07:00 Arcane Tower
07:54 Workshop
08:46 Farm
08:46 Farm
11:50 Town Hall
12:53 Castle
» items
| Scroll of Regeneration | 1 | |
| Boots of Speed | 1 | |
| Staff of Teleportation | 1 | |
3 total

»
LVXIFER (
blue | 56 APM | 724 actions | 12:57)
3 Blademaster
2 Wind Walk
1 Critical Strike
2 Shadow Hunter
1 Hex
1 Healing Wave
» actions
| Assign group hotkey | 15 | |
| Basic commands | 34 | |
| Build / train | 45 | |
| ESC pressed | 1 | |
| Enter build submenu | 17 | |
| Enter hero's abilities submenu | 5 | |
| Give item / drop item | 1 | |
| Right click | 390 | |
| Select / deselect | 140 | |
| Select group hotkey | 35 | |
| Use ability | 41 | |
724 total
» units
» upgrades
| Pillage | 1 | |
| Melee Weapons | 2 | |
| Armor | 1 | |
| Ensnare | 1 | |
| Berserker Strength | 1 | |
6 total
» buildings
| Altar of Storms | 1 | |
| Orc Burrow | 4 | |
| Barracks | 1 | |
| Voodoo Lounge | 1 | |
| War Mill | 1 | |
| Stronghold | 3 | |
| Watch Tower | 4 | |
| Beastiary | 2 | |
| Great Hall | 1 | |
18 total
» build order
00:17 Altar of Storms
00:29 Orc Burrow
00:37 Barracks
01:48 Voodoo Lounge
01:59 Orc Burrow
02:56 War Mill
04:20 Stronghold
04:20 Stronghold
04:24 Orc Burrow
05:52 Watch Tower
06:21 Orc Burrow
06:34 Watch Tower
07:15 Beastiary
08:16 Beastiary
08:58 Watch Tower
10:34 Great Hall
10:42 Watch Tower
» items
| Lesser Clarity Potion | 2 | |
| Healing Salve | 2 | |
| Potion of Healing | 1 | |
| Scroll of Town Portal | 1 | |
| Scroll of Speed | 1 | |
7 total
Betrayer (
purple | 66 APM | 852 actions | 12:58)
5 Blademaster
3 Wind Walk
2 Critical Strike
» actions
| Assign group hotkey | 33 | |
| Basic commands | 14 | |
| Build / train | 35 | |
| Enter build submenu | 20 | |
| Enter hero's abilities submenu | 5 | |
| Give item / drop item | 1 | |
| Remove unit from queue | 1 | |
| Right click | 397 | |
| Select / deselect | 209 | |
| Select group hotkey | 80 | |
| Use ability | 57 | |
852 total
» units
| Peon | 12 | |
| Grunt | 5 | |
| Troll Batrider | 7 | |
24 total
» buildings
| Orc Burrow | 4 | |
| Altar of Storms | 1 | |
| Barracks | 1 | |
| Voodoo Lounge | 2 | |
| Stronghold | 1 | |
| War Mill | 1 | |
| Beastiary | 4 | |
| Watch Tower | 6 | |
20 total
» build order
00:12 Orc Burrow
00:51 Altar of Storms
00:53 Barracks
01:07 Orc Burrow
01:59 Voodoo Lounge
02:50 Stronghold
04:34 War Mill
05:02 Orc Burrow
05:38 Beastiary
05:39 Beastiary
06:12 Watch Tower
06:26 Watch Tower
07:19 Watch Tower
08:27 Watch Tower
08:56 Watch Tower
09:33 Orc Burrow
10:23 Beastiary
10:26 Beastiary
10:28 Watch Tower
10:56 Voodoo Lounge
» items
Chat log
(00:31 / Allies) SquareHammer: 3 orc
(00:33 / Allies) SquareHammer: 1 human
(00:39 / Allies) LVXIFER: and?
(00:43 / Allies) SquareHammer: units
(01:28 / Allies) LVXIFER: I dont know
(01:29 / Allies) LVXIFER: raiders
(02:40 / Allies) SquareHammer: oj
(05:08 / Allies) SquareHammer: blue
(05:53 / Allies) LVXIFER: what is it
(06:13 / Allies) Betrayer: wood?
(06:27 / Allies) Betrayer: thx
(07:30 / Allies) LVXIFER: lets get aggressive soon
(09:08 / Allies) SquareHammer: need more anti air
(10:23 / Allies) SquareHammer: hit?
(10:41 / Allies) Betrayer: yes
(11:17 / Allies) SquareHammer: first
(11:41 / Allies) SquareHammer: main
(12:28 / All) Betrayer: pink and yellow can suck my cock